 Dungeon Crawl Stone Soup version 0.31.0-32-g396128a36d (webtiles) character file.

Game seed: 3703953213944874561

1184 mainiacjoe the Grappler (level 8, -17/66 (73) HPs)
             Began as a Minotaur Fighter on Apr 6, 2024.
             Was an Initiate of Gozag.
             Demolished by a wight
             ... wielding a +5 great sword
              (20 damage)
             ... on level 6 of the Dungeon on Apr 7, 2024.
             The game lasted 00:11:12 (4170 turns).

mainiacjoe the Grappler (Minotaur Fighter)          Turns: 4170, Time: 00:11:13

HP:   -17/66 (73)   AC:  9    Str: 20    XL:     8   Next: 19%
MP:   0/7           EV:  7    Int:  5    God:    Gozag
Gold: 295           SH:  5    Dex: 13    Spells: 7/7 levels left

rFire   + .          .
                       - Unarmed
rCold   . . .        c - +0 buckler
rNeg    . . .        g - +0 chain mail
rPois   .            (helmet restricted)
rElec   .            (no cloak)
rCorr   .            (no gloves)
SInv    .            (no boots)
Will    +....        i - amulet of guardian spirit Stlth
                     p - ring of protection from fire
HPRegen 0.31/turn    v - ring of willpower
MPRegen 0.10/turn

%: guardian spirit
@: drained
A: horns 2, retaliatory headbutt
a: Renounce Religion, Potion Petition, Call Merchant, Bribe Branch


You were on level 6 of the Dungeon.
You worshipped Gozag.
Gozag was aware of your devotion.
You visited 2 branches of the dungeon, and saw 7 of its levels.

You collected 358 gold pieces.
You paid 63 gold pieces to Gozag.

Inventory:

Hand Weapons
 b - a +1 sling of electrocution
 r - a +0 sling
 x - a +6 flail of protection
Missiles
 d - 4 curare-tipped darts {=F}
 h - 5 poisoned darts
 k - 4 javelins
 n - 33 stones
 t - 3 boomerangs
Armour
 a - a +0 scale mail
 c - a +0 buckler (worn)
 g - a +0 chain mail (worn)
Jewellery
 i - an amulet of guardian spirit (around neck)
 l - a ring of fire
 p - a ring of protection from fire (left hand)
 v - a ring of willpower (right hand)
Wands
 w - a wand of flame (23)
 y - a wand of iceblast (11)
Scrolls
 j - 2 scrolls of teleportation
Potions
 e - 2 potions of ambrosia
 f - 2 potions of heal wounds
 m - a potion of attraction {unknown}
 o - a potion of curing {unknown}
 q - a potion of resistance {unknown}
 s - a potion of lignification {unknown}
 u - a potion of invisibility {unknown}


   Skills:
 + Level 7.1 Fighting
 - Level 5.0 Armour
 - Level 5.0 Shields
 * Level 8.3 Unarmed Combat


You had 7 spell levels left.
You didn't know any spells.
Your spell library contained the following spells:

 Spells                   Type           Power      Damage    Failure   Level
 Gell's Gravitas          Tloc           0%         N/A       100%        3
 Teleport Other           Tloc           0%         N/A       100%        3
 Tukima's Dance           Hex            0%         N/A       100%        3
 Vampiric Draining        Necr           0%         2d6       100%        3
 Dimensional Bullseye     Hex/Tloc       0%         N/A       100%        4
 Iskenderun's Mystic Bla  Conj/Tloc      0%         2d3       100%        4
 Vhi's Electric Charge    Tloc/Air       0%         N/A       100%        4
 Arcjolt                  Conj/Air       0%         1d10      100%        5
 Borgnjor's Vile Clutch   Necr/Erth      0%         N/A       100%        5
 Death Channel            Necr           0%         N/A       100%        6
 Dispersal                Tloc           0%         N/A       100%        6
 Maxwell's Capacitive Co  Air            0%         ∞         100%        8


Dungeon Overview and Level Annotations

Branches:
Dungeon (6/15)             Temple (1/1) D:4

Altars:
Ashenzari
Cheibriados
Dithmenos
Elyvilon
Gozag
Hepliaklqana
Kikubaaqudgha
Makhleb
Okawaru
Sif Muna
Uskayaw
Vehumet
Wu Jian
Xom
Yredelemnul
Zin

Shops:
D:2 [

Annotations:
D:4 2 runed translucent doors, PaiMei's ghost, amateur DsNe
D:5 1 runed translucent door, Sunbaer's ghost, novice MiBe


Innate Abilities, Weirdness & Mutations

You have a pair of horns on your head.
You reflexively headbutt those who attack you in melee.


Message History

You closely miss the wight.
The wight is lightly damaged.
The wight hits you with a +5 great sword!!
You feel drained.
A wight comes into view. It is wielding a +0 spear.
You hit the wight but do no damage.
The wight is lightly damaged.
The wight hits you but does no damage. The wight barely misses you.
You hit the wight but do no damage.
The wight is lightly damaged.
The wight hits you with a +5 great sword!
A wight comes into view. It is wielding a +0 flail.
The wight barely misses you.
You closely miss the wight. You headbutt the wight.
The wight is heavily damaged.
The wight barely misses you. x2
You hit the wight.
The wight is severely damaged.
The wight hits you with a +5 great sword.
You feel drained. You block the wight's attack.
You hit the wight but do no damage. Your headbutt misses the wight.
The wight is severely damaged.
The wight hits you with a +5 great sword!
* * * LOW HITPOINT WARNING * * *
You block the wight's attack.
You hit the wight.
The wight is severely damaged.
You barely miss the wight.
The wight is severely damaged.
The wight hits you with a +5 great sword!
* * * LOW HITPOINT WARNING * * *
You feel drained.
* * * LOW HITPOINT WARNING * * *
The wight hits you but does no damage.
You hit the wight but do no damage.
You headbutt the wight, but do no damage.
The wight is severely damaged.
The wight hits you with a +5 great sword!!
You die...
Your body crumbles into a pile of gold.

##.###..# ##.###..# . .#
........# ## ##. ..
........####. ... ..
#####.....##.##.##.
#####.............
#.......#.#...... #.#
#.###..##.#..#..###....#
#.............@zz.....
#.##.......#..##z.#.##
#.###.###..#..# $# #.#
#.# #..#..# # #.# #.#
#..#..##..# #.#
#.###........... ..#
#......######... ###
#.######## . #.........


You could see 3 wights.

Vanquished Creatures
  Sigmund (D:2)
  Edmund (D:5)
  A sky beast (D:6)
  A black bear (D:5)
  4 scorpions
  2 bombardier beetles
  3 jellies
  2 hounds (D:4)
  A sleepcap (D:5)
  An iguana (D:5)
  Ijyb (D:5)
  Robin (D:3)
  5 gnolls
  6 adders
  2 ribbon worms (D:2)
  3 dart slugs
  An orc (D:4)
  8 endoplasms
  4 giant cockroaches
  13 hobgoblins
  6 jackals
  6 kobolds
  2 quokkas
  5 ball pythons
  A bat (D:2)
  A frilled lizard (D:1)
  7 goblins
  5 rats
94 creatures vanquished.

Notes
Turn   | Place    | Note
-------+----------+-------------------------------------------
     0 | D:1      | mainiacjoe the Minotaur Fighter began the quest for the
                  | Orb.
     0 | D:1      | Reached XP level 1. HP: 19/19 MP: 0/0
    41 | D:1      | Found a faded altar of an unknown god.
   370 | D:1      | Reached XP level 2. HP: 27/27 MP: 1/1
   540 | D:1      | Reached skill level 3 in Unarmed Combat
   543 | D:1      | Reached XP level 3. HP: 33/33 MP: 2/2
   945 | D:2      | Found Bodgheiv's Antique Armour Emporium.
  1135 | D:2      | Noticed Sigmund
  1177 | D:2      | Killed Sigmund
  1178 | D:2      | Reached skill level 4 in Unarmed Combat
  1178 | D:2      | Reached XP level 4. HP: 21/41 MP: 0/3
  1178 | D:2      | Reached XP level 5. HP: 24/47 MP: 0/4
  1456 | D:3      | Noticed Robin
  1483 | D:3      | Killed Robin
  1680 | D:3      | Reached XP level 6. HP: 54/55 MP: 5/5
  1698 | D:3      | Reached skill level 5 in Fighting
  1751 | D:3      | Reached skill level 5 in Armour
  1751 | D:3      | Reached skill level 5 in Shields
  1751 | D:3      | Reached skill level 5 in Unarmed Combat
  2399 | D:4      | Reached skill level 6 in Unarmed Combat
  2399 | D:4      | Reached XP level 7. HP: 56/61 MP: 4/6
  2597 | D:4      | Found an opulent altar of Gozag.
  2716 | D:4      | Found a staircase to the Ecumenical Temple.
  2737 | Temple   | Entered the Ecumenical Temple
  2774 | D:4      | Became a worshipper of Gozag Ym Sagoz the Greedy
  2888 | D:4      | Found a runed translucent door.
  2893 | D:4      | Noticed PaiMei's ghost (amateur DsNe)
  2931 | D:4      | Found an ornate altar of the Wu Jian Council.
  3055 | D:4      | Found a runed translucent door.
  3182 | D:5      | Entered Level 5 of the Dungeon
  3214 | D:5      | Noticed Edmund
  3234 | D:5      | Killed Edmund
  3271 | D:5      | Reached skill level 7 in Unarmed Combat
  3480 | D:5      | Got Sif Muna's Compilation of Cobwebs
  3605 | D:5      | Found a runed translucent door.
  3606 | D:5      | Noticed Sunbaer's ghost (novice MiBe)
  3740 | D:5      | Noticed Ijyb
  3745 | D:5      | Killed Ijyb
  3828 | D:5      | Reached XP level 8. HP: 54/71 MP: 7/7
  3992 | D:5      | Reached skill level 8 in Unarmed Combat
  4169 | D:6      | HP: 3/66 [wight/+5 great sword (1)]
  4170 | D:6      | Demolished by a wight

Illustrated notes

Levels and vault maps discovered:
D:1:      ncdulo_halloftheorcs, layout_loops_ring,
          ebering_ecumenical_altar_sacrificial, hex_medium,
          minmay_crystal_water, kennysheep_minor_cross, st_stairs_8
D:2:      layout_rooms, serial_shops, nicolae_shop_window_shopping,
          serial_rivers, chequers_serial_rivers_micro_e,
          chequers_serial_rivers_marsh, chequers_serial_rivers_micro_b,
          chequers_serial_rivers_large_b, chequers_serial_rivers_small_b,
          uniq_sigmund
D:3:      layout_basic, uniq_robin
D:4:      minmay_wonky_spiral, layout_basic,
          nicolae_wu_jian_immortal_techniques, grunt_gozag_breadcrumbs,
          minmay_temple_entry_trees, ebering_ghost_sewer_f,
          minmay_misc_feat_enclosed, grunt_ministairs_9,
          kennysheep_generic_room_4
D:5:      nicolae_cairo_tiling_large_dashed, layout_loops_ring,
          ebering_ghost_reflecting_pool, amethyst_killhole, uniq_ijyb,
          uniq_edmund
D:6:      layout_basic, kennysheep_little_box, chequers_serial_rivers_marsh,
          st_stairs_13
Temple:   dpeg_chambers_temple

Skill      XL: |  1  2  3  4  5  6  7  8 |
---------------+-------------------------+-----
Fighting       | 4 5 6 7 |  7.1
Unarmed Combat | 3 4 6 7 8 |  8.3
Armour         | 4 5 |  5.0
Shields        | 4 5 |  5.0

Action                     |  1- 3 |  4- 6 |  7- 9 || total
---------------------------+-------+-------+-------++-------
  Melee: Unarmed           |    78 |    99 |    88 ||   265
         Headbutt          |     8 |    19 |    18 ||    45
   Fire: Sling             |       |     8 |    11 ||    19
  Throw: Dart              |     1 |       |     3 ||     4
    Use: Scroll            |     4 |     1 |     1 ||     6
         Potion            |     1 |       |       ||     1
 Armour: Chain mail        |    45 |    94 |    73 ||   212
         Scale mail        |     2 |       |       ||     2
  Dodge: Dodged            |    13 |    46 |    17 ||    76
  Block: Buckler           |    12 |    33 |    22 ||    67
